 Dungeon Crawl Stone Soup version 0.26-a0-489-g112e8ad46e (webtiles) character file.

Game seed: 897058331509072543

731 MrRokkomies the Nimble (level 7, -1/33 HPs)
             Began as a Felid Delver on Aug 3, 2020.
             Was an Initiate of Kikubaaqudgha.
             Slain by a water moccasin (9 damage)
             ... on level 6 of the Dungeon.
             The game lasted 00:09:11 (5505 turns).

MrRokkomies the Nimble (Felid Delver)               Turns: 5505, Time: 00:09:13

Health: -1/33      AC:  2    Str:  8    XL:     7   Next: 45%
Magic:  8/8        EV: 25    Int: 14    God:    Kikubaaqudgha [......]
Gold:   8          SH:  0    Dex: 23    Spells: 6/6 levels left
                                        Lives:  0   Deaths: 2

rFire    . . .     SeeInvis +     - Unarmed
rCold    . . .     Faith    .   (shield unavailable)
rNeg     . . .     Spirit   .   (armour unavailable)
rPois    .         Reflect  .   (helmet unavailable)
rElec    .         Harm     .   (cloak unavailable)
rCorr    .                      (gloves unavailable)
MR       ++...                  (boots unavailable)
Stlth    ++++......             (no amulet)
HPRegen  0.11/turn              n - ring of protection from magic
MPRegen  0.11/turn              i - +6 ring of dexterity

@: lethally poisoned (-1 -> -21), quick
A: very small, no armour, no weapons or thrown items, stealth, claws 1, fangs 3,
see invisible, speed 1, shaggy fur 2, sharp paws
a: Renounce Religion


You were on level 6 of the Dungeon.
You worshipped Kikubaaqudgha.
Kikubaaqudgha was noncommittal.
You visited 2 branches of the dungeon, and saw 6 of its levels.

You collected 190 gold pieces.
You spent 182 gold pieces at shops.

Inventory:

Jewellery
 i - a +6 ring of dexterity (right paw)
 n - a ring of protection from magic (left paw)
Wands
 e - a wand of digging (3)
 g - a wand of flame (10)
 l - a wand of paralysis (3)
Scrolls
 a - a scroll of fog
 b - 2 scrolls of magic mapping
 c - 3 scrolls of fear
 f - 3 scrolls of teleportation
 j - 3 scrolls of remove curse
 k - a scroll of identify
 s - a scroll of enchant weapon {unknown}
Potions
 d - a potion of haste
 h - a potion of lignification
 m - a potion of magic
 o - a potion of mutation
 p - a potion of brilliance
 q - a potion of ambrosia
 r - 2 potions of heal wounds
 t - a potion of curing


   Skills:
 + Level 4.9 Fighting
 * Level 8.0 Dodging
 - Level 7.2 Stealth
 * Level 6.0 Unarmed Combat
 + Level 3.3 Evocations


You had 6 spell levels left.
You didn't know any spells.
Your spell library was empty.

Dungeon Overview and Level Annotations

Branches:
Dungeon (6/15)             Temple (1/1) D:5

Altars:
Ashenzari
Cheibriados
Dithmenos
Gozag
Kikubaaqudgha
Makhleb
Nemelex Xobeh
Qazlal
Ru
Uskayaw
Wu Jian
Xom
Yredelemnul
Zin
The Shining One

Shops:
D:6 !


Innate Abilities, Weirdness & Mutations

You cannot wear armour.
You are incapable of wielding weapons or throwing items.
Your paws allow you to move quietly. (Stealth)
You have sharp claws.
You have razor-sharp teeth.
You have supernaturally acute eyesight. (SInv)
You cover ground quickly.
You are covered in thick fur. (AC +2)
Your sharp claws are effective at attacking unaware monsters.


Message History

You scratch the centaur.
The centaur is almost dead.
The water moccasin closely misses you. The centaur hits you.
You scratch the centaur.
You kill the centaur!
Kikubaaqudgha accepts your kill.
Your life force feels restored.
Your Dodging skill increases to level 8!
Your Unarmed Combat skill increases to level 6!
The water moccasin bites you.
You are poisoned.
The water moccasin poisons you!
You claw the water moccasin!
The water moccasin is moderately wounded.
You feel sick. The water moccasin bites you!
* * * LOW HITPOINT WARNING * * *
You are more poisoned.
The water moccasin poisons you! The water moccasin bites you!
You die...
Kikubaaqudgha rasps: "You have failed me!
Welcome... death!"

......##.o..
...#+##..# ##+ ......#
.... #.....#..###..
.$..... ...
#.....#....#..
##.....'
#.....#....#..
#.....#.
#.....+...†...
#..(..#.......
######..(..#..###..
#....(........#\'..
+.@...........###..
#)S................
#...............)..
....................
S...######+####+######
..... #.. ..... #..
..... #.. ######..


You could see a water moccasin.

Vanquished Creatures
  A steam dragon (D:5)
  A water moccasin (D:6)
  A phantom (D:5)
  A centaur (D:6)
  2 ogres
  5 wights (D:6)
  2 howler monkeys
  A bullfrog skeleton (D:5)
  An orc priest (D:5)
  A hound (D:5)
  2 iguanas
  2 worker ants
  8 adders
  A white imp (D:5)
  An ooze (D:4)
  3 worms
  3 dart slugs
  4 leopard geckos
  10 orcs
  3 giant cockroaches
  4 goblins
  4 hobgoblins
  9 jackals
  A quokka (D:3)
  2 ball pythons (D:2)
  4 bats (D:2)
  6 frilled lizards
  6 kobolds
  2 leopard gecko skeletons (D:4)
  A quokka zombie (D:2)
  6 rats
98 creatures vanquished.

Notes
Turn   | Place    | Note
-------+----------+-------------------------------------------
     0 | D:5      | MrRokkomies the Felid Delver began the quest for the Orb.
     0 | D:5      | Reached XP level 1. HP: 10/10 MP: 2/2
    12 | D:5      | Noticed a howler monkey
    37 | D:5      | Killed a howler monkey
    37 | D:5      | Reached skill level 3 in Dodging
    37 | D:5      | Reached XP level 2. HP: 14/14 MP: 3/3
    37 | D:5      | Reached XP level 3. HP: 17/17 MP: 4/4
    41 | D:5      | Noticed a steam dragon
   879 | D:2      | Reached skill level 4 in Dodging
   887 | D:2      | Reached XP level 4. HP: 14/21 MP: 5/5
   902 | D:2      | Slain by a goblin
   903 | D:2      | Reached XP level 3. HP: -1/17 MP: 4/4
  1000 | D:2      | Reached XP level 4. HP: 21/21 MP: 5/5
  1977 | D:3      | Reached XP level 5. HP: 20/24 MP: 6/6
  2521 | D:4      | Reached skill level 5 in Dodging
  3010 | D:4      | Noticed an ogre
  3020 | D:4      | Killed an ogre
  3020 | D:4      | Reached skill level 1 in Evocations
  3271 | D:4      | Gained mutation: You are covered in thick fur. (AC +2)
                  | [Felid growth]
  3271 | D:4      | Reached XP level 6. HP: 19/28 MP: 7/7
  3434 | D:4      | Found an opulent altar of Gozag.
  3888 | D:5      | Found a staircase to the Ecumenical Temple.
  3902 | Temple   | Entered the Ecumenical Temple
  3996 | Temple   | Became a worshipper of Kikubaaqudgha
  4085 | D:5      | Reached skill level 6 in Dodging
  4165 | D:5      | Reached XP level 7. HP: 29/32 MP: 8/8
  4349 | D:5      | Killed a steam dragon
  4349 | D:5      | Reached skill level 5 in Unarmed Combat
  4841 | D:5      | Reached skill level 7 in Dodging
  5052 | D:6      | Killed from afar by an orc wizard
  5053 | D:6      | Reached XP level 6. HP: -4/29 MP: 7/7
  5177 | D:6      | Reached XP level 7. HP: 29/33 MP: 8/8
  5477 | D:6      | Found Maowih's Distillery.
  5480 | D:6      | Bought a potion of heal wounds for 70 gold pieces
  5480 | D:6      | Bought a potion of heal wounds for 70 gold pieces
  5480 | D:6      | Bought a potion of curing for 42 gold pieces
  5504 | D:6      | Reached skill level 8 in Dodging
  5505 | D:6      | Slain by a water moccasin

Illustrated notes

Levels and vault maps discovered:
D:2:      layout_basic
D:3:      layout_loops_cross
D:4:      layout_layer_cave, nicolae_overflow_crystal_walls
D:5:      layout_rooms, minmay_temple_entry_gardened_gates, enter_ossuary_2
D:6:      layout_gridville, serial_shops, kennysheep_mini_moat, basic_altar
Temple:   minmay_crystal_snake_temple

Skill      XL: |  1  2  3  4  5  6  7 |
---------------+----------------------+-----
Dodging        | 3 4 5 6 8 |  8.0
Stealth        | 7 |  7.2
Unarmed Combat | 3 4 6 |  6.0
Evocations     | 1 3 |  3.3
Fighting       | 4 |  4.9

Action                   |  1- 3 |  4- 6 |  7- 9 || total
-------------------------+-------+-------+-------++-------
Melee: Unarmed           |    76 |   176 |    92 ||   344
       Bite              |     2 |    19 |    13 ||    34
       Punch             |       |     4 |     3 ||     7
Evoke: Wand              |       |    27 |     1 ||    28
  Use: Scroll            |       |    11 |     1 ||    12
       Potion            |       |     4 |     1 ||     5
 Stab: Sleeping          |     8 |    11 |     3 ||    22
       Distracted        |     1 |       |       ||     1
       Paralysed         |       |     3 |     1 ||     4
Armor: Skin              |     4 |     6 |     2 ||    12
Dodge: Dodged            |    62 |   155 |    68 ||   285

Table legend: (Time is in decaauts)
 A = Elapsed time spent in this place.
 B = Non-inter-level travel time spent in this place.
 C = Inter-level travel time spent in this place.
 D = Time resting spent in this place.
 E = Time spent auto-exploring this place.
 F = Levels seen in this place.
 G = Mean time per level.
                   A        B        C        D        E       F      G
               +--------+--------+--------+--------+--------+-----+--------+
         Total |   4903 |   4789 |    114 |   1535 |   2334 |   6 |  817.2 |
       Dungeon |   4773 |   4708 |     65 |   1535 |   2260 |   5 |  954.6 |
        Temple |    130 |     81 |     49 |      0 |     73 |   1 |  130.0 |
               +--------+--------+--------+--------+--------+-----+--------+

Top non-repeatable levels by time:
     D:4: 1248 daAuts
     D:2: 1151 daAuts
     D:3: 916 daAuts
     D:5: 847 daAuts
     D:6: 608 daAuts
  Temple: 130 daAuts
